Map: King's Cove LE

Players

Serral - Winner!

  • Race: Zerg Zerg
  • League: Grandmaster
  • Spawn Location: 11:00

soO

  • Race: Zerg Zerg
  • Spawn Location: 5:00

Event: HomeStory Cup XIX

VOD

Have the link to the VOD?

Description

Time

  • Played on: June 29, 2019, 8:51 a.m.
  • Length: 7:18

All games in this series

Show
View Real Time Build Order
Export as new Build Order

Serral Zerg - Winner!

Build Orders: Hatch First, Zergling Baneling 

Get SALT Encoding   

  12  0:00  Drone  
  13  0:12  Overlord  
  13  0:18  Drone  
  14  0:31  Drone x2  
  16  0:49  Hatchery  
  15  0:52  Drone  
  15  0:56  Drone  
  17  1:00  Drone  
  18  1:10  Extractor  
  17  1:15  Spawning Pool  
  17  1:18  Drone  
  17  1:21  Drone  
  18  1:28  Drone  
  19  1:39  Drone  
  20  1:49  Overlord  
  20  2:01  Queen  
  20  2:02  Zergling x4, Queen  
  26  2:10  Metabolic Boost  
  26  2:11  Drone  
  26  2:15  Drone  
  28  2:22  Drone  
  29  2:23  Drone  
  30  2:39  Hatchery  
  29  2:46  Drone  
  29  2:47  Drone  
  29  2:49  Baneling Nest  
  30  2:55  Overlord  
  30  2:56  Drone  
  31  2:59  Drone  
  31  3:02  Drone  
  33  3:08  Zergling x4  
  35  3:14  Zergling x6  
  35  3:18  Drone  
  35  3:19  Zergling x2  
  40  3:23  Overlord  
  42  3:27  Drone x2  
  42  3:33  Zergling x4  
  43  3:41  Queen  
  43  3:44  Baneling  
  43  3:45  Baneling  
  43  3:46  Baneling x2, Evolution Chamber  
  44  3:49  Zergling x4  
  44  3:52  Drone  
  44  3:53  Baneling  
  44  3:54  Drone  
  48  3:57  Drone  
  48  3:58  Drone  
  48  4:00  Drone  
  51  4:04  Drone  
  51  4:14  Baneling  
  51  4:16  Zergling x2  
  49  4:18  Zergling x2, Drone x2  
  49  4:19  Baneling x2  
  49  4:22  Extractor  
  50  4:26  Overlord  
  50  4:27  Drone  
  50  4:33  Zergling x2  
  50  4:34  Zergling x2, Drone x3  
  54  4:43  Roach Warren  
  54  4:44  Zerg Missile Weapons Level 1  
  54  4:45  Extractor  
  52  4:46  Zergling x4  
  52  4:48  Overlord  
  52  4:50  Zergling x2  
  52  4:51  Drone x2  
  57  4:55  Zergling x2  
  57  4:56  Zergling x2  
  57  4:58  Drone x2  
  57  4:59  Drone  
  62  5:04  Drone x2  
  62  5:08  Drone x2  
  62  5:12  Drone  
  62  5:13  Drone x2  
  64  5:18  Zergling x4  
  66  5:22  Baneling x2  
  66  5:23  Overlord  
  65  5:31  Overlord x2  
  65  5:37  Overlord  
  64  5:47  Roach x7  
  77  5:53  Roach x3  
  77  5:55  Baneling  
  77  5:56  Baneling  
  82  5:59  Roach x2  
  86  6:07  Roach  
  86  6:08  Roach x3  
  86  6:11  Roach x2  
  98  6:12  Roach  
  98  6:16  Roach  
  102  6:20  Roach  
  102  6:24  Overlord  
  103  6:35  Overlord  
  102  6:40  Zergling x10  
  102  6:45  Overlord  
  106  6:47  Zergling x10  
  106  6:52  Zergling x2  
  112  6:56  Zergling x4  
  112  7:00  Zergling x6  
Show
View Real Time Build Order
Export as new Build Order

soO Zerg 

Build Orders: Hatch First, Zergling Baneling 

Get SALT Encoding   

  12  0:00  Drone  
  13  0:12  Overlord  
  13  0:17  Drone  
  14  0:30  Drone x2  
  16  0:48  Hatchery  
  15  0:52  Drone  
  15  0:55  Drone  
  17  0:59  Drone  
  18  1:09  Extractor  
  17  1:14  Spawning Pool  
  17  1:18  Drone  
  17  1:21  Drone  
  18  1:29  Drone  
  20  1:40  Drone  
  20  1:49  Overlord  
  20  2:01  Drone, Queen x2  
  20  2:02  Drone  
  26  2:10  Metabolic Boost  
  26  2:12  Drone  
  26  2:13  Drone  
  28  2:22  Zergling x2  
  29  2:23  Drone  
  30  2:36  Hatchery  
  29  2:39  Zergling x2  
  29  2:41  Zergling x2  
  31  2:44  Drone  
  31  2:49  Baneling Nest  
  31  2:51  Drone  
  32  2:56  Overlord  
  32  2:59  Drone  
  33  3:08  Drone x2  
  35  3:16  Queen  
  35  3:17  Drone  
  35  3:18  Zergling x4  
  35  3:19  Zergling x2  
  41  3:25  Zergling x2  
  42  3:32  Drone  
  42  3:33  Drone, Overlord  
  43  3:36  Baneling x2  
  43  3:40  Overlord  
  43  3:46  Zergling x2  
  44  3:49  Drone  
  44  3:50  Drone  
  44  3:51  Drone  
  44  3:53  Drone  
  44  3:54  Drone  
  49  3:56  Baneling  
  49  3:58  Baneling  
  49  3:59  Drone  
  49  4:01  Drone  
  49  4:11  Zergling x4  
  49  4:13  Drone x3  
  51  4:19  Zergling x4  
  51  4:21  Extractor  
  51  4:23  Zergling x2  
  51  4:25  Zergling x4  
  54  4:31  Drone x2  
  54  4:35  Zergling x6  
  54  4:36  Zergling x4  
  59  4:39  Lair  
  59  4:40  Baneling x2, Extractor  
  58  4:46  Drone  
  58  4:47  Drone  
  58  4:52  Drone  
  61  4:54  Evolution Chamber  
  61  4:55  Drone  
  61  4:57  Baneling x2  
  61  4:58  Drone x3  
  61  4:59  Overlord  
  64  5:05  Drone  
  63  5:07  Drone x2  
  64  5:16  Drone  
  64  5:17  Drone  
  64  5:19  Zergling x4  
  64  5:20  Drone  
  64  5:21  Drone  
  69  5:23  Zergling x4  
  69  5:24  Extractor  
  69  5:26  Drone  
  71  5:29  Drone  
  71  5:32  Roach Warren  
  71  5:33  Zergling x4  
  71  5:34  Overlord  
  73  5:36  Drone  
  73  5:40  Drone  
  73  5:43  Drone  
  73  5:46  Zergling x2  
  73  5:47  Baneling x2  
  73  5:48  Spire  
  71  5:55  Drone x2  
  71  5:57  Extractor  
  71  5:58  Zergling x6, Extractor  
  71  6:01  Zergling x4  
  71  6:02  Overlord  
  71  6:03  Drone x2  
  77  6:05  Overlord  
  77  6:12  Drone x2  
  79  6:20  Overlord  
  79  6:21  Drone  
  79  6:22  Drone  
  79  6:23  Overseer  
  77  6:25  Drone  
  77  6:28  Zergling x4  
  78  6:42  Zergling x6  
  78  6:43  Spine Crawler  
  78  6:44  Zergling x4  
  78  6:47  Baneling x2, Zergling x4  
  84  6:49  Zergling x2  
  84  6:51  Spine Crawler  
Tags
 
Add a new tag
Caveats
  • Supply blocks, unpowered buildings, or Contaminate may cause inaccurate times.
  • Supply counts are checked every 10 seconds.